 Dungeon Crawl Stone Soup version 0.26-a0-712-ga5a9c9c9d0 (webtiles) character file.

Game seed: 14961869664008511633

2018 Azzok the Cleaver (level 9, 20/61 (63) HPs)
             Began as a Demonspawn Berserker on Nov 9, 2020.
             Was an Elder of Trog.
             Quit the game on level 6 of the Dungeon.
             The game lasted 00:06:06 (5433 turns).

Azzok the Cleaver (Demonspawn Berserker)            Turns: 5433, Time: 00:06:06

HP:   20/61 (63)    AC: 11    Str: 20    XL:     9   Next: 3%
MP:   9/9           EV: 11    Int: 10    God:    Trog [****..]
Gold: 299           SH:  6    Dex: 12    Spells: 8/8 levels left

rFire    . . .     SeeInvis .   D - +1 hand axe (elec)
rCold    . . .     Faith    .   g - +1 buckler {AC+3}
rNeg     . . .     Spirit   .   e - +1 ring mail {rPois}
rPois    +         Reflect  .   (helmet restricted)
rElec    .         Harm     .   k - scarf {repulsion}
rCorr    .         Rampage  .   (no gloves)
MR       .....                  (no boots)
Stlth    +.........             u - amulet of regeneration (curse)
HPRegen  0.60/turn              (no ring)
MPRegen  0.11/turn              (no ring)

@: repel missiles
A: horns 2, yellow scales 1, powered by pain 1, rot immunity
a: Berserk, Trog's Hand, Brothers in Arms, Renounce Religion


You were on level 6 of the Dungeon.
You worshipped Trog.
Trog was greatly pleased with you.
You visited 1 branch of the dungeon, and saw 6 of its levels.

You collected 299 gold pieces.

Inventory:

Hand Weapons
 q - a +0 trident of venom
 D - a +1 hand axe of electrocution (weapon)
Missiles
 j - 5 silver javelins (quivered)
Armour
 e - a +1 ring mail of poison resistance (worn)
 g - a +1 buckler of protection (worn)
 k - a scarf of repulsion (worn)
Jewellery
 u - a cursed amulet of regeneration (around neck)
Wands
 v - a wand of random effects (12)
Scrolls
 b - 6 scrolls of identify {unknown}
 d - 4 scrolls of amnesia {unknown}
 f - a scroll of enchant armour {unknown}
 i - 4 scrolls of teleportation {unknown}
 m - a scroll of enchant weapon {unknown}
 o - a scroll of blinking {unknown}
 r - 4 scrolls of magic mapping {unknown}
 t - a scroll of immolation {unknown}
 w - 2 scrolls of fog {unknown}
 y - 2 scrolls of random uselessness {unknown}
 z - 4 scrolls of remove curse {unknown}
Potions
 h - 2 potions of stabbing {unknown}
 n - a potion of might {unknown}
 p - 2 potions of ambrosia {unknown}
 s - 4 potions of curing
 x - a potion of haste {unknown}
 A - a potion of cancellation {unknown}
 B - a potion of degeneration {unknown}
 C - 2 potions of flight {unknown}


   Skills:
 - Level 3.0 Fighting
 + Level 10.3 Axes
 - Level 1.7 Armour
 - Level 1.7 Dodging
 - Level 4.0 Shields


You had 8 spell levels left.
You didn't know any spells.
Your spell library was empty.

Dungeon Overview and Level Annotations

Branches:
Dungeon (6/15)
 Temple: D:4-7

Altars:
Okawaru
Sif Muna
Trog
Uskayaw
Yredelemnul
Zin


Innate Abilities, Weirdness & Mutations

You have a pair of horns on your head.
You are partially covered in yellow scales. (AC +2)
You sometimes gain a little power by taking damage.
You are immune to rotting.


Message History

The sky beast is almost dead.
You block the wight's attack.
The sky beast hits you but does no damage.
You barely miss the sky beast.
The sky beast is almost dead.
You block the wight's attack.
You closely miss the sky beast. Your headbutt misses the sky beast.
The sky beast is almost dead.
The sky beast hits you but does no damage.
You slash the sky beast!
You kill the sky beast!
Trog accepts your kill.
Your life force feels restored.
You have reached level 9!
Your experience leads to an increase in your attributes!
Increase (S)trength, (I)ntelligence, or (D)exterity?
You feel stronger.
Your demonic ancestry asserts itself...
You feel immune to rotting. The wight hits you but does no damage.
Are you sure you want to abandon this character and quit the game? (Confirm with "yes".)

·▒▒▒···▒··▒▒·
··(/·····▒· ▒
▒··········
▒·▒·········▒
▒···········
▒▒···oz···$·
······)†▒▒·▒ ▒
··<····@▒▒(▒▒▒·▒▒▒·▒
········▒▒(†<··?····
········(([)▒▒▒·····
·········)[·▒▒▒· ···
·············!···· ·
········▒▒▒▒▒·····
▒▒····)▒▒ ▒····
······· ▒··· ·······
···


You could see a wight and an orc.

Vanquished Creatures
  Sigmund (D:3)
  3 sky beasts (D:6)
  A necrophage (D:5)
  2 phantoms
  A centaur (D:5)
  A bullfrog (D:6)
  4 scorpions
  A wight (D:6)
  A howler monkey (D:6)
  2 bullfrog zombies
  2 hounds
  8 orc wizards
  2 iguanas
  4 worker ants
  2 hound skeletons (D:4)
  A howler monkey zombie (D:5)
  A worker ant zombie (D:6)
  Robin (D:2)
  9 adders
  4 gnolls
  A shadow imp (D:6)
  2 white imps (D:5)
  An ufetubus (D:4)
  An ooze (D:2)
  An adder zombie (D:5)
  6 worms
  A dart slug (D:2)
  6 leopard geckos
  17 orcs
  2 ball pythons
  7 giant cockroaches
  10 goblins
  13 hobgoblins
  3 jackals (D:2)
  4 quokkas
  11 bats
  6 frilled lizards
  A jackal zombie (D:5)
  4 kobolds
  A leopard gecko skeleton (D:4)
  9 rats
158 creatures vanquished.

Vanquished Creatures (others)
  A howler monkey (D:6)
1 creature vanquished.

Grand Total: 159 creatures vanquished

Notes
Turn   | Place    | Note
-------+----------+-------------------------------------------
     0 | D:1      | Azzok the Demonspawn Berserker began the quest for the Orb.
     0 | D:1      | Reached XP level 1. HP: 18/18 MP: 1/1
   244 | D:1      | Reached skill level 3 in Axes
  1264 | D:2      | Gained mutation: You sometimes gain a little power by
                  | taking damage. [demonic ancestry]
  1264 | D:2      | Reached XP level 2. HP: 24/24 MP: 2/2
  1288 | D:2      | Noticed Robin
  1355 | D:2      | Killed Robin
  1355 | D:2      | Gained mutation: You have a pair of small horns on your
                  | head. [demonic ancestry]
  1355 | D:2      | Reached XP level 3. HP: 26/29 MP: 3/3
  1392 | D:2      | Reached skill level 4 in Axes
  1403 | D:2      | Found a glowing silver altar of Zin.
  1461 | D:2      | Reached ** piety under Trog
  1501 | D:2      | Found a hide-covered altar of Uskayaw.
  1501 | D:2      | Found a shimmering blue altar of Sif Muna.
  1544 | D:2      | Reached XP level 4. HP: 27/35 MP: 4/4
  2183 | D:2      | Reached skill level 5 in Axes
  2513 | D:3      | Noticed Sigmund
  2519 | D:3      | Killed Sigmund
  2519 | D:3      | Reached skill level 6 in Axes
  2519 | D:3      | Reached XP level 5. HP: 41/41 MP: 5/5
  2519 | D:3      | Reached XP level 6. HP: 47/47 MP: 6/6
  2981 | D:3      | Found a basalt altar of Yredelemnul.
  2984 | D:3      | Reached *** piety under Trog
  3118 | D:3      | You fall into a shaft and drop 1 floor!
  3256 | D:3      | Reached skill level 7 in Axes
  3607 | D:4      | Found a bloodstained altar of Trog.
  3608 | D:4      | Found an iron altar of Okawaru.
  3772 | D:4      | Gained mutation: You have a pair of horns on your head.
                  | [demonic ancestry]
  3772 | D:4      | Reached XP level 7. HP: 51/52 MP: 7/7
  4110 | D:4      | Reached skill level 8 in Axes
  4137 | D:4      | Reached skill level 1 in Shields
  4381 | D:5      | Entered Level 5 of the Dungeon
  4719 | D:5      | Reached **** piety under Trog
  4799 | D:5      | Gained mutation: You are partially covered in yellow
                  | scales. (AC +2) [demonic ancestry]
  4799 | D:5      | Reached XP level 8. HP: 54/58 MP: 8/8
  5238 | D:6      | Reached skill level 9 in Axes
  5389 | D:6      | Reached skill level 10 in Axes
  5432 | D:6      | Gained mutation: You are immune to rotting. [demonic
                  | ancestry]
  5432 | D:6      | Reached XP level 9. HP: 19/61 MP: 9/9
  5433 | D:6      | Quit the game

Illustrated notes

Levels and vault maps discovered:
D:1:      dpeg_arrival_refuge, layout_basic
D:2:      layout_basic, lemuel_round_altar, grunt_temple_overflow_open,
          uniq_robin
D:3:      layout_loops_cross, old_standard_altar, uniq_sigmund
D:4:      kennysheep_spiral_hall, layout_loops_ring,
          grunt_temple_overflow_bloody_war, gup_sewer_entry_pipe
D:5:      layout_basic
D:6:      layout_rooms, nicolae_overflow_crystal_walls

Skill      XL: |  1  2  3  4  5  6  7  8 |
---------------+-------------------------+-----
Axes           | 3 4 6 7 8 10 | 10.3
Shields        | 2 4 |  4.0
Fighting       | |  3.0
Armour         | |  1.7
Dodging        | |  1.7

Action                   |  1- 3 |  4- 6 |  7- 9 || total
-------------------------+-------+-------+-------++-------
Melee: Short sword       |   125 |       |       ||   125
       Hand axe          |     4 |       |    78 ||    82
       Trident           |    13 |   165 |   197 ||   375
       Headbutt          |     5 |    28 |    48 ||    81
Armor: Ring mail         |    48 |    81 |    86 ||   215
       Animal skin       |     4 |       |       ||     4
Dodge: Dodged            |    72 |    74 |   123 ||   269
       Repelled          |       |       |     1 ||     1
Block: Buckler           |    27 |    34 |    45 ||   106

Table legend: (Time is in decaauts)
 A = Elapsed time spent in this place.
 B = Non-inter-level travel time spent in this place.
 C = Inter-level travel time spent in this place.
 D = Time resting spent in this place.
 E = Time spent auto-exploring this place.
 F = Levels seen in this place.
 G = Mean time per level.
                   A        B        C        D        E       F      G
               +--------+--------+--------+--------+--------+-----+--------+
         Total |   5499 |   5161 |    338 |    576 |   3422 |   6 |  916.5 |
       Dungeon |   5499 |   5161 |    338 |    576 |   3422 |   6 |  916.5 |
               +--------+--------+--------+--------+--------+-----+--------+

Top non-repeatable levels by time:
     D:1: 1264 daAuts
     D:2: 1216 daAuts
     D:4: 1118 daAuts
     D:5: 927 daAuts
     D:3: 854 daAuts
     D:6: 116 daAuts
